 Dungeon Crawl Stone Soup version 0.31-a0-164-g2312942fda (webtiles) character file.

Game seed: 8771101872813404827

84 qw the Shooter (level 4, -5/27 HPs)
             Began as a Gargoyle Hunter on June 13, 2023.
             Killed from afar by Ijyb (12 damage)
             ... with an iceblast
             ... on level 3 of the Dungeon.
             The game lasted 00:00:39 (1534 turns).

qw the Shooter (Gargoyle Hunter)                    Turns: 1534, Time: 00:00:40

Health: -5/27      AC: 10    Str: 12 (14) XL:     4   Next: 45%
Magic:  4/4        EV: 10    Int:  7 (10) God:
Gold:   140        SH:  0    Dex: 12 (15) Spells: 3/3 levels left

rFire   . . .        Y - +1 shortbow
rCold   . . .        (shield currently unavailable)
rNeg    + . .        j - +0 ring mail
rPois   inf          l - +0 helmet
rElec   +            (no cloak)
rCorr   .            (no gloves)
SInv    .            (no boots)
Will    .....        (no amulet)
Stlth   +            (no ring)
HPRegen 0.24/turn    (no ring)
MPRegen 0.09/turn

%: no passive effects
@: no status effects
A: sickness immunity, AC +3, negative energy resistance 1, electricity
resistance, torment resistance 1, petrification resistance
a: no special abilities


You were on level 3 of the Dungeon.
You visited 1 branch of the dungeon, and saw 3 of its levels.

You collected 140 gold pieces.


Innate Abilities, Weirdness & Mutations

You are immune to sickness and miasma.
Your stone body is resilient. (AC +3)
You are immune to poison.
You resist negative energy. (rN+)
You are resistant to electric shocks. (rElec)
You are resistant to unholy torment.
You are immune to petrification.


   Skills:
 + Level 2.9 Fighting
 - Level 5.0 Ranged Weapons
 - Level 2.1 Armour
 - Level 1.5 Dodging
 - Level 1.1 Stealth


You had 3 spell levels left.
You didn't know any spells.
Your spell library was empty.

Inventory:

Hand Weapons
 Y - a +1 shortbow (weapon)
Armour
 j - a +0 ring mail (worn)
 l - a +0 helmet (worn)
Scrolls
 a - 2 scrolls of identify
Potions
 b - a potion of attraction {unknown}
 d - a potion of cancellation {unknown}
 e - a potion of enlightenment {unknown}
 f - a potion of curing {unknown}
 g - a potion of lignification {unknown}
 i - a potion of resistance {unknown}
 k - a potion of haste {unknown}

Dungeon Overview and Level Annotations

Branches:
Dungeon (3/15)

Altars:

Annotations:
D:3 Ijyb, Robin


Message History

The adder bites you but does no damage.
Ijyb screams, "You nasty!
Big nasty!"
Ijyb closely misses you. The orc hits you but does no damage.
The adder bites you.
You shoot an arrow. The arrow hits Ijyb but does no damage.
Ijyb is lightly wounded.
The adder bites you but does no damage. Ijyb hits you with a +0 club.
The orc hits you with a +0 short sword. The adder misses you.
You shoot an arrow. The arrow hits Ijyb but does no damage.
Ijyb is lightly wounded.
Ijyb hits you but does no damage. The orc closely misses you.
The adder barely misses you. The orc misses you.
Ijyb hits you but does no damage. Robin throws the goblin at you!
The adder bites you.
You shoot an arrow. The arrow barely misses Ijyb.
The adder barely misses you. The goblin hits you but does no damage.
Ijyb hits you with a +0 club. The orc hits you but does no damage.
1516 ||| READING scroll of teleportation.
As you read the scroll of teleportation, it crumbles to dust.
You feel strangely unstable. The adder closely misses you.
The goblin hits you but does no damage. Ijyb hits you but does no damage.
The orc hits you but does no damage. The adder bites you but does no damage.
You shoot an arrow. The arrow hits Ijyb.
Ijyb is moderately wounded.
The goblin hits you but does no damage. Ijyb completely misses you.
Robin says, "Bow before me, strongest of all the hobgoblins!"
The orc hits you with a +0 short sword. The adder barely misses you.
You shoot an arrow. The arrow hits Ijyb but does no damage.
Ijyb is moderately wounded.
Your surroundings suddenly seem different.
Enter note: You start resting.
Ijyb is nearby!
You shoot an arrow. The arrow closely misses Ijyb.
Ijyb shouts!
You hear a shout!
You shoot an arrow. The arrow barely misses Ijyb.
Ijyb zaps a wand.
The mass of ice explodes!
The iceblast engulfs you!
You die...

#. ...###S#####. #....#
...ggoo.g.##. #.#.##....#
.######g#!...#
#.#.##....# #.# ##.##
#.#.##....# #.####..#
#.#.##....# #.#.....##
#.#.##....#
#.#.###..###.#.##....#
#.#g.@.....#.#.##....#
#...%#####.....##...##
#........#.#.#.##...#
##.........#.#..#...#
#.#+#.....##.###.#......#
#.........##.# #.#.##..##
#.........## #.#.###.#
#.....##### #.#.# #.#
#.....# #.#.# #.#


You could see Ijyb.

Vanquished Creatures
  Terence (D:2)
  A worm (D:3)
  2 orcs (D:3)
  3 bats
  5 endoplasms
  A giant cockroach (D:1)
  6 goblins
  3 hobgoblins
  2 jackals (D:1)
  3 quokkas
  8 ball pythons
  3 frilled lizards
  9 kobolds
  4 rats (D:1)
51 creatures vanquished.

Notes
Turn   | Place    | Note
-------+----------+-------------------------------------------
     0 | D:1      | qw the Gargoyle Hunter began the quest for the Orb.
     0 | D:1      | Reached XP level 1. HP: 12/12 MP: 1/1
     0 | D:1      | 0 ||| qw: Version: 0.2-a-29-gc1b59c4
     0 | D:1      | 0 ||| qw: Game counter: 4476
     0 | D:1      | 0 ||| qw: Always use a shield: true
     0 | D:1      | 0 ||| qw: God list: Okawaru
     0 | D:1      | 0 ||| qw: Allow faded altars: false
     0 | D:1      | 0 ||| qw: Do Orc after D:15 true
     0 | D:1      | 0 ||| qw: Do second Lair branch before Depths: true
     0 | D:1      | 0 ||| qw: Lair rune preference: random
     0 | D:1      | 0 ||| qw: Plans: Normal, Zot:1-4, Slime:5, God:TSO, Crypt,
                  | Tomb, Abyss, Pan, Hells, Win
     0 | D:1      | 0 ||| PLANNING D:1-11
   100 | D:1      | Reached XP level 2. HP: 17/17 MP: 2/2
   213 | D:1      | Reached XP level 3. HP: 21/21 MP: 3/3
   281 | D:1      | Reached skill level 5 in Ranged Weapons
   716 | D:1      | 716 ||| UPGRADING to +0 ring mail.
   726 | D:1      | 726 ||| DROPPING +0 leather armour.
   727 | D:1      | 727 ||| DROPPING +6 ring of intelligence.
   728 | D:1      | 728 ||| READING 2 scrolls labelled VUSCHI VETES.
   729 | D:1      | 729 ||| READING scroll labelled MEJENWIYSA.
   732 | D:1      | 732 ||| READING scroll labelled GAGHOE JOGIMIS.
   733 | D:1      | 733 ||| DROPPING scroll of butterflies.
   880 | D:2      | Noticed Terence
   885 | D:2      | Killed Terence
   886 | D:2      | Reached XP level 4. HP: 24/27 MP: 4/4
  1331 | D:2      | 1331 ||| UPGRADING to +0 helmet.
  1336 | D:2      | 1336 ||| READING scroll labelled DEEVAL DAIP.
  1337 | D:2      | 1337 ||| READING scroll labelled ICOYMM INUAZ.
  1338 | D:2      | 1338 ||| DRINKING 2 white potions.
  1339 | D:2      | 1339 ||| DROPPING potion of degeneration.
  1493 | D:3      | Noticed Ijyb
  1506 | D:3      | Noticed Robin
  1515 | D:3      | HP: 6/27 [Ijyb/+0 club (4)]
  1516 | D:3      | 1516 ||| READING scroll of teleportation.
  1534 | D:3      | Killed from afar by Ijyb

Levels and vault maps discovered:
D:1:      dpeg_arrival_erosion, layout_loops_ring
D:2:      layout_loops_ring, uniq_terence
D:3:      layout_basic, nicolae_goblin_pals

Skill      XL: |  1  2  3 |
---------------+----------+-----
Ranged Weapons | 5 |  5.0
Armour         | 2 |  2.1
Fighting       | |  2.9
Dodging        | |  1.5
Stealth        | |  1.1

Action                     |  1- 3 |  4- 6 || total
---------------------------+-------+-------++-------
   Fire: Shortbow          |    96 |    56 ||   152
    Use: Scroll            |     3 |     3 ||     6
         Potion            |       |     1 ||     1
 Armour: Leather armour    |    17 |       ||    17
         Ring mail         |     3 |    30 ||    33
  Dodge: Dodged            |    26 |    25 ||    51

Table legend:
 A = Non-vault XP
 B = Vault XP
 C = Vault XP percentage of total XP
 D = Non-vault monster count
 E = Vault monster count
 F = Vault count percentage of total count
                 A         B        C        D         E       F
            +---------+---------+-------+---------+---------+-------
      Total |      78 |      42 |  35.0 |      47 |       4 |   7.8
            +---------+---------+-------+---------+---------+-------
        D:1 |      46 |       0 |   0.0 |      30 |       0 |   0.0
        D:2 |      15 |      36 |  70.6 |      10 |       1 |   9.1
        D:3 |      17 |       6 |  26.1 |       7 |       3 |  30.0
            +---------+---------+-------+---------+---------+-------
